 Dungeon Crawl Stone Soup version 0.17.1-1-g73c8601 (webtiles) character file.

383 Peloso the Skirmisher (level 6, -2/57 HPs)
             Began as a Minotaur Fighter on Dec 12, 2015.
             Slain by an orc priest (4 damage)
             ... on level 4 of the Dungeon.
             The game lasted 00:08:02 (2586 turns).

Peloso the Skirmisher (Minotaur Fighter)            Turns: 2586, Time: 00:08:03

Health: -2/57      AC: 11    Str: 21    XL:     6   Next: 47%
Magic:  5/5        EV:  6    Int:  5    God:
Gold:   171        SH: 10    Dex: 11    Spells: 0 memorised, 5 levels left

rFire  . . .     SeeInvis .     a - +0 long sword
rCold  . . .     Clarity  .     r - +0 chain mail
rNeg   . . .     SustAt   .     c - +0 shield
rPois  .         Gourm    .     (helmet restricted)
rElec  .         Spirit   .     m - +0 cloak
rCorr  .         Warding  .     (no gloves)
rMut   .         Stasis   +     (no boots)
MR     .....                    x - amulet of stasis
Stlth  ..........               (no ring)
                                p - ring of wizardry

@: not resistant to hostile enchantments, extremely unstealthy
A: retaliatory headbutt, horns 2
a: no special abilities


You were on level 4 of the Dungeon.
You were not hungry.

You visited 1 branch of the dungeon, and saw 4 of its levels.

You collected 171 gold pieces.

Inventory:

Hand Weapons
 a - a +0 long sword (weapon)
Armour
 b - a +0 scale mail
 c - a +0 shield (worn)
 m - a +0 cloak (worn)
 q - a +0 cloak
 r - a +0 chain mail (worn)
Jewellery
 p - a ring of wizardry (left hand)
 x - an amulet of stasis (around neck)
Scrolls
 f - 3 scrolls of remove curse {unknown}
 h - a scroll of teleportation {unknown}
 i - a scroll of blinking {unknown}
 k - a scroll of magic mapping {unknown}
 o - a scroll of fog {unknown}
 s - a scroll of identify {unknown}
 w - a scroll of recharging {unknown}
Potions
 d - a potion of might
 j - a potion of degeneration {unknown}
 l - a potion of mutation {unknown}
 u - a potion of brilliance {unknown}
Comestibles
 e - 5 bread rations
 g - a slice of pizza
 n - a meat ration
 v - a beef jerky


   Skills:
 * Level 5.7 Fighting
 + Level 3.9 Long Blades
 + Level 5.0 Armour
 + Level 1.6 Dodging
 + Level 0.8 Stealth
 + Level 5.2 Shields


You had 5 spell levels left.
You didn't know any spells.

Dungeon Overview and Level Annotations

Branches:
Dungeon (4/15)
 Temple: D:4-7

Altars:
Cheibriados
Kikubaaqudgha
Sif Muna


Innate Abilities, Weirdness & Mutations

You reflexively headbutt those who attack you in melee.
You have a pair of horns on your head.


Message History

You block the orc's attack.
The orc priest looks braver for a moment.
The orc hits you but does no damage. The giant cockroach bites you.
* * * LOW HITPOINT WARNING * * *
Unknown command.
You slash the orc priest!
You kill the orc priest!
The orc priest looks braver for a moment.
The orc hits you with a mace.
* * * LOW HITPOINT WARNING * * *
The giant cockroach bites you.
* * * LOW HITPOINT WARNING * * *
The orc hits you but does no damage.
You hit the giant cockroach.
The giant cockroach is moderately wounded.
The giant cockroach bites you but does no damage.
You block the orc priest's attack. The orc barely misses you.
You block the orc's attack. You block the giant cockroach's attack.
The orc priest hits you.
You die...

.........#.# >..........#######
#..?....... #######............
........... ...## #.....#######
.........#s###...##............
.........#..# #.............#.
.........##$#####....##>####...
#.......)##..##.........# ..
######..........o..........#
#......)..s@o.......####
#......)...)o.......#
#.......###[...#.......
#.........?....#........
#.....######....#.#.....
#.....# ..#..._...... #.....
..#####.#.## ##..## .# .. #..


You could see an orc priest, 2 orcs and a giant cockroach.

Vanquished Creatures
  A crimson imp (D:3)
  2 orc priests
  An iguana (D:3)
  Crazy Yiuf (D:2)
  4 orc wizards
  Terence (D:2)
  An ooze (D:3)
  2 worms (D:2)
  6 giant geckos
  10 orcs
  5 giant cockroaches
  10 goblins
  5 hobgoblins
  7 bats
  3 giant newts
  7 kobolds
  2 quokkas
  6 rats
74 creatures vanquished.

Notes
Turn   | Place    | Note
--------------------------------------------------------------
     0 | D:1      | Peloso the Minotaur Fighter began the quest for the Orb.
     0 | D:1      | Reached XP level 1. HP: 19/19 MP: 0/0
   288 | D:1      | Reached XP level 2. HP: 27/27 MP: 1/1
   622 | D:2      | Reached skill level 4 in Armour
   644 | D:2      | Noticed Terence
   664 | D:2      | Killed Terence
   664 | D:2      | Reached XP level 3. HP: 12/33 MP: 2/2
   682 | D:2      | Found a deep blue altar of Sif Muna.
  1139 | D:2      | Reached XP level 4. HP: 41/41 MP: 3/3
  1405 | D:2      | Noticed Crazy Yiuf
  1422 | D:2      | Killed Crazy Yiuf
  2110 | D:3      | Reached skill level 1 in Dodging
  2110 | D:3      | Reached XP level 5. HP: 27/47 MP: 4/4
  2144 | D:3      | Found a snail-covered altar of Cheibriados.
  2160 | D:3      | Reached skill level 5 in Fighting
  2259 | D:3      | Reached skill level 5 in Shields
  2259 | D:3      | Reached XP level 6. HP: 22/56 MP: 5/5
  2542 | D:4      | Found an ancient bone altar of Kikubaaqudgha.
  2567 | D:4      | Reached skill level 5 in Armour
  2585 | D:4      | HP: 2/57 [giant cockroach (2)]
  2586 | D:4      | Slain by an orc priest

Action                   |  1- 3 |  4- 6 || total
-------------------------+-------+-------++-------
Melee: Long sword        |    99 |   133 ||   232
 Stab: Invisible         |       |     3 ||     3
  Eat: Chunk             |     1 |     5 ||     6
